 Dungeon Crawl Stone Soup version 0.29.1-15-g9cfb28693d (webtiles) character file.

Game seed: 7873571668304162828

79 Ast3rio the Magician (level 4, 0/24 HPs)
             Began as a Deep Elf Air Elementalist on Mar 10, 2023.
             Slain by Sigmund
             ... wielding a +0 scythe
              (5 damage)
             ... on level 2 of the Dungeon.
             The game lasted 00:07:29 (1910 turns).

Ast3rio the Magician (Deep Elf Air Elementalist)    Turns: 1910, Time: 00:07:29

Health: 0/24       AC:  2    Str:  5    XL:     4   Next: 17%
Magic:  11/12      EV: 13    Int: 22    God:
Gold:   41         SH:  0    Dex: 15    Spells: 8/11 levels left

rFire   . . .      SeeInvis .   j - +1 dagger (venom)
rCold   . . .      Faith    .   (no shield)
rNeg    . . .      Spirit   .   a - +0 robe
rPois   .          Reflect  .   (no helmet)
rElec   .          Harm     .   (no cloak)
rCorr   .          Rampage  .   (no gloves)
Will    .....                   (no boots)
Stlth   +.........              (no amulet)
HPRegen 0.08/turn               (no ring)
MPRegen 0.13/turn               (no ring)

@: confused
A: no striking features
a: no special abilities


You were on level 2 of the Dungeon.
You visited 1 branch of the dungeon, and saw 2 of its levels.

You collected 41 gold pieces.

Inventory:

Hand Weapons
 j - a +1 dagger of venom (weapon)
Armour
 a - a +0 robe (worn)
Wands
 i - a wand of polymorph (11)
Scrolls
 c - a scroll of enchant armour {unknown}
 f - a scroll of poison {unknown}
Potions
 b - a potion of magic
 d - 2 potions of curing {unknown}
 e - 2 potions of haste {unknown}
 g - a potion of cancellation {unknown}
 h - a potion of brilliance {unknown}


   Skills:
 + Level 2.7 Dodging
 + Level 2.6 Stealth
 + Level 4.2 Spellcasting
 + Level 2.3 Conjurations
 + Level 3.7 Air Magic


You had 8 spell levels left.
You knew the following spells:

 Your Spells              Type           Power      Damage    Failure   Level
a - Shock                 Conj/Air       72%        1d7       3%          1
b - Static Discharge      Conj/Air       18%        3-6/arc   4%          2

Your spell library contained the following spells:

 Spells                   Type           Power      Damage    Failure   Level
 Swiftness                Air            21%        N/A       7%          3
 Sublimation of Blood     Necr           4%         N/A       17%         2
 Wereblood                Tmut           4%         N/A       17%         2
 Airstrike                Air            10%        2d(2-18)  24%         4
 Summon Hydra             Summ           2%         N/A       100%        7


Dungeon Overview and Level Annotations

Branches:
Dungeon (2/15)

Altars:

Annotations:
D:2 Sigmund


Message History

Sigmund mumbles some strange words.
Sigmund flickers and vanishes!
Deactivating autopickup; reactivate with Ctrl-A.
Casting: Shock (safe; 3% risk of failure)
Confirm with . or Enter, or press ? or * to list all spells.
You can't see any susceptible monsters within range! (Use Z to cast anyway.) Unknown command.
Casting: Shock (safe; 3% risk of failure)
Confirm with . or Enter, or press ? or * to list all spells.
You can't see any susceptible monsters within range! (Use Z to cast anyway.)
Casting: Shock (safe; 3% risk of failure)
Confirm with . or Enter, or press ? or * to list all spells.
You can't see any susceptible monsters within range! (Use Z to cast anyway.)
Casting: Shock (safe; 3% risk of failure)
Confirm with . or Enter, or press ? or * to list all spells.
You don't know that spell.
Casting: Shock (safe; 3% risk of failure)
Confirm with . or Enter, or press ? or * to list all spells.
Aiming: Shock (safe; 3% risk of failure)
Press: ? - help, Shift-Dir - straight line The zap hits something!
You are confused.
You're too confused to cast spells.
Unknown command.
You hear some strange, mumbled words.
Something tries to affect you, but you resist.
You bump into the rock wall.
Something hits you but does no damage. Something hits you!
You're too confused to move!
Something hits you.
You completely miss something.
You feel less confused. Something hits you!
* * * LOW HITPOINT WARNING * * *
You barely miss something. You barely miss something.
You hear some strange, mumbled words.
You are confused.
Something hits you but does no damage.
You completely miss something. Something hits you.
You die...

..........#
#.#
#######...#
#.####
#########.#
#....#
..)..# #.#
#####.#
####.# #.#
#.....# #.#
#.# #.###.#
#.# #.#
#.#...#
####.####.#
#.#.#.#
..........#
#.@...#
###..######
###.###
#..# #.#
#..# #.#
#..# #.#
#..# #.#
#..# #.#
#..# #.#
###..#


There were no monsters in sight!

Vanquished Creatures
  Robin (D:2)
  2 adders (D:2)
  2 dart slugs (D:1)
  4 ball pythons (D:1)
  2 bats (D:1)
  3 endoplasms
  10 hobgoblins
  3 kobolds
  3 quokkas
  A frilled lizard (D:2)
  8 goblins
  4 rats
43 creatures vanquished.

Vanquished Creatures (others)
  4 fungi (D:2)
  6 plants (D:2)
10 creatures vanquished.

Grand Total: 53 creatures vanquished

Notes
Turn   | Place    | Note
-------+----------+-------------------------------------------
     0 | D:1      | Ast3rio the Deep Elf Air Elementalist began the quest for
                  | the Orb.
     0 | D:1      | Reached XP level 1. HP: 10/10 MP: 6/6
   348 | D:1      | Reached XP level 2. HP: 15/15 MP: 4/8
  1165 | D:1      | Reached XP level 3. HP: 19/19 MP: 6/10
  1317 | D:1      | Learned a level 2 spell: Static Discharge
  1612 | D:2      | Noticed Robin
  1621 | D:2      | Killed Robin
  1622 | D:2      | Reached skill level 4 in Spellcasting
  1793 | D:2      | Reached XP level 4. HP: 21/24 MP: 7/12
  1897 | D:2      | Noticed Sigmund
  1910 | D:2      | Slain by Sigmund

Illustrated notes

Levels and vault maps discovered:
D:1:      lightli_arrival_noodles, layout_loops_corners, minmay_octomino_j4
D:2:      layout_loops_ring, dreamdust_ecumenical_altar_grove, uniq_sigmund,
          uniq_crazy_yiuf_cottage, uniq_robin

Skill      XL: |  1  2  3 |
---------------+----------+-----
Spellcasting   | 4 |  4.2
Conjurations   | 2 |  2.3
Dodging        | |  2.7
Stealth        | |  2.6
Air Magic      | |  3.7

Action                   |  1- 3 |  4- 6 || total
-------------------------+-------+-------++-------
Melee: Dagger            |       |     4 ||     4
 Cast: Shock             |    74 |     6 ||    80
       Static Discharge  |     1 |       ||     1
Armor: Robe              |     1 |     2 ||     3
Dodge: Dodged            |    15 |       ||    15
